 Dungeon Crawl Stone Soup version 0.25-a0-696-g42a9e46d90 (webtiles) character file.

Game seed: 17855923537655399950, levelgen mode: deterministic

163 CryoSword the Slasher (level 5, -4/41 HPs)
             Began as a Human Skald on Mar 30, 2020.
             Slain by a worker ant (7 damage)
             ... on level 3 of the Dungeon.
             The game lasted 00:11:22 (3882 turns).

CryoSword the Slasher (Human Skald)                 Turns: 3882, Time: 00:11:22

Health: -4/41      AC:  4    Str: 12    XL:     5   Next: 73%
Magic:  5/8        EV: 12    Int: 13    God:
Gold:   50         SH:  0    Dex: 13    Spells: 0/8 levels left

rFire    . . .     SeeInvis .   a - +0 falchion
rCold    . . .     Gourm    .   (no shield)
rNeg     . . .     Faith    .   q - +1 animal skin
rPois    .         Spirit   .   r - +0 helmet
rElec    .         Reflect  .   (no cloak)
rCorr    .         Harm     .   (no gloves)
MR       .....                  (no boots)
Stlth    +.........             (no amulet)
HPRegen  0.13/turn              (no ring)
MPRegen  0.11/turn              (no ring)

@: lethally poisoned (-4 -> -7), infused
A: no striking features
a: no special abilities


You were on level 3 of the Dungeon.
You were not hungry.

You visited 1 branch of the dungeon, and saw 3 of its levels.

You collected 50 gold pieces.

Inventory:

Hand Weapons
 a - a +0 falchion (weapon)
 n - a +1 hand axe of flaming
   (You took it off an orc on level 2 of the Dungeon)
Armour
 b - a +0 leather armour
 o - a +0 ring mail
   (You took it off a goblin on level 2 of the Dungeon)
 q - a +1 animal skin (worn)
   (You took it off Robin on level 2 of the Dungeon)
 r - a +0 helmet (worn)
   (You took it off Robin on level 2 of the Dungeon)
Scrolls
 e - a scroll of magic mapping
 f - 2 scrolls of teleportation {@r4}
 h - a scroll of enchant weapon {unknown}
 i - a scroll of fog
 j - a scroll of remove curse {unknown}
 l - a scroll of amnesia {unknown}
 m - a scroll of noise {unknown}
 p - 2 scrolls of immolation {unknown}
 s - a scroll of identify {unknown}
Potions
 c - 3 potions of curing {@q1}
 g - a potion of flight {unknown}
 k - a potion of heal wounds {unknown}
 t - a potion of degeneration {unknown}
Comestibles
 d - 5 rations {!d}
 u - 4 chunks of flesh


   Skills:
 + Level 3.1 Fighting
 * Level 4.0 Long Blades
 - Level 1.0 Armour
 - Level 2.0 Dodging
 - Level 2.0 Spellcasting
 * Level 0.6 Hexes
 + Level 3.9 Charms


You couldn't memorise any spells.
You knew the following spells:

 Your Spells              Type           Power        Failure   Level  Hunger
a - Infusion              Chrm           ##..         4%          1    ##.....
b - Shroud of Golubria    Chrm/Tloc      #.....       17%         2    ###....
c - Spectral Weapon       Hex/Chrm       #.......     30%         3    ####...
d - Song of Slaying       Chrm           ##......     8%          2    ###....

Your spell library contained the following spells:

 Spells                   Type           Power        Failure   Level  Hunger
 Ozocubu's Armour         Chrm/Ice       #.......     34%         3    ####...


Dungeon Overview and Level Annotations

Branches:
Dungeon (3/15)

Altars:


Message History

You see here a bat corpse.
A frilled lizard is nearby!
A frilled lizard is nearby!
A frilled lizard is nearby!
The frilled lizard hisses angrily.
You closely miss the frilled lizard. The frilled lizard misses you.
You hit the frilled lizard.
You kill the frilled lizard!
No target in view!
No target in view!
You butcher the bat corpse.
u - a chunk of flesh You see here a bat skeleton. x2
d - 5 rations {!d} (gained 1)
An adder comes into view.
An adder is nearby!
An adder is nearby!
An adder is nearby!
The adder hisses angrily.
You miss the adder. The adder bites you.
You are poisoned.
The adder poisons you!
You begin infusing your attacks with magical energy.
You feel sick. The adder barely misses you.
The adder bites you but does no damage.
You barely miss the adder. The adder bites you.
You completely miss the adder. The adder closely misses you.
You riposte.
You closely miss the adder. The adder barely misses you.
You hit the adder.
You feel sick. The adder closely misses you.
You slash the adder!
You kill the adder!
Your Long Blades skill increases to level 4!
You see here an adder corpse.
You butcher the adder corpse.
You feel sick.
u - 2 chunks of flesh (gained 1)
You see here an adder skeleton.
You feel sick.
You start resting.
You feel sick.
You are no longer poisoned.
You start resting.
Your magical infusion is running out.
You start resting.
You are no longer magically infusing your attacks.
You start resting.
You start resting.
An orc comes into view.
The orc shouts!
A bat comes into view.
There are monsters nearby!
There are monsters nearby!
A hobgoblin comes into view.
The bat hits you but does no damage.
You begin infusing your attacks with magical energy.
The bat completely misses you. The bat barely misses you.
You riposte.
You hit the bat.
You kill the bat!
A goblin comes into view. It is wielding a +0 club.
The goblin shouts!
You hit the orc. The orc barely misses you.
You riposte.
You closely miss the orc. You hit the orc.
You kill the orc!
You hit the hobgoblin!
You kill the hobgoblin!
Things that are here:
a +0 scale mail; a bat corpse The goblin barely misses you.
You hit the goblin!
You kill the goblin!
No target in view!
No target in view!
Your magical infusion is running out.
You are no longer magically infusing your attacks.
You butcher the bat corpse.
u - 3 chunks of flesh (gained 1)
Things that are here:
a +0 scale mail; a bat skeleton
Things that are here:
a +0 scale mail; a bat skeleton
Things that are here:
a +0 club; a goblin corpse You butcher the goblin corpse.
u - 4 chunks of flesh (gained 1)
Things that are here:
a +0 club; a goblin skeleton
Things that are here:
a +0 club; a goblin skeleton A worker ant comes into view.
A worker ant is nearby!
A worker ant is nearby!
A worker ant is nearby!
You miscast Infusion.
You are very lightly contaminated with residual magic.
The air around you crackles with energy!
You barely miss the worker ant. The worker ant barely misses you.
You hit the worker ant. The worker ant bites you.
You barely miss the worker ant. The worker ant bites you.
The worker ant barely misses you.
You riposte.
You hit the worker ant but do no damage.
You hit the worker ant but do no damage.
The worker ant closely misses you.
You riposte.
You hit the worker ant but do no damage.
You closely miss the worker ant. The worker ant bites you.
You are poisoned.
The worker ant poisons you!
You hit the worker ant but do no damage.
You feel sick.
The worker ant bites you but does no damage. x2
You hit the worker ant but do no damage.
You feel sick. The worker ant closely misses you.
You riposte.
You barely miss the worker ant. You closely miss the worker ant.
The worker ant bites you.
You are more poisoned.
The worker ant poisons you!
You feel sick. The worker ant bites you.
You feel sick.
You feel sick.
You feel sick.
You feel sick.
You feel sick.
You feel sick. The worker ant misses you.
You riposte.
You hit the worker ant.
Things that are here:
a +0 club; a goblin skeleton You feel sick.
Things that are here:
a +0 scale mail; a bat skeleton Your magical contamination has completely faded away.
You feel sick.
You feel sick.
You see here a bat skeleton.
The worker ant bites you.
* * * LOW HITPOINT WARNING * * *
You feel sick.
You begin infusing your attacks with magical energy.
The worker ant bites you but does no damage.
You hit the worker ant!
You feel sick. The worker ant closely misses you.
You hit the worker ant. The worker ant bites you.
* * * LOW HITPOINT WARNING * * *
You are lethally poisoned!
The worker ant poisons you! The worker ant barely misses you.
You feel better. The worker ant closely misses you.
You hit the worker ant but do no damage.
The worker ant bites you.
* * * LOW HITPOINT WARNING * * *
You closely miss the worker ant. The worker ant bites you.
* * * LOW HITPOINT WARNING * * *
You are lethally poisoned!
The worker ant poisons you! The worker ant bites you!
You die...

#.................#
#.................# #
########
#[........#########
..#......######.........#
#.............#.........#
#...÷........#.........#
#............###.#######
#............##.>......#
..............÷a@........
...............#.........
.............###....(....
...............########..
............[..# #
.########.....########.###
.......)###...........
......................
...............#...#..


You could see a worker ant.

Vanquished Creatures
  Robin (D:2)
  6 adders
  3 oozes (D:1)
  2 worms (D:2)
  A dart slug (D:3)
  2 leopard geckos (D:3)
  5 orcs
  15 goblins
  8 hobgoblins
  6 jackals
  A quokka (D:2)
  5 bats
  2 frilled lizards
  7 kobolds
  7 rats
71 creatures vanquished.

Notes
Turn   | Place    | Note
-------+----------+-------------------------------------------
     0 | D:1      | CryoSword the Human Skald began the quest for the Orb.
     0 | D:1      | Reached XP level 1. HP: 16/16 MP: 3/3
    36 | D:1      | Reached XP level 2. HP: 16/22 MP: 0/5
   357 | D:1      | Reached XP level 3. HP: 28/28 MP: 6/6
  1311 | D:2      | Reached skill level 3 in Long Blades
  1623 | D:1      | Reached XP level 4. HP: 19/34 MP: 0/7
  2147 | D:2      | Noticed Robin
  2706 | D:2      | Reached XP level 5. HP: 7/40 MP: 4/8
  2973 | D:2      | Killed Robin
  3500 | D:3      | Learned a level 2 spell: Shroud of Golubria
  3504 | D:3      | Learned a level 3 spell: Spectral Weapon
  3507 | D:3      | Learned a level 2 spell: Song of Slaying
  3713 | D:3      | Reached skill level 4 in Long Blades
  3882 | D:3      | Slain by a worker ant

Levels and vault maps discovered:
D:1:      onia_arrival_handbag, layout_basic
D:2:      layout_rooms, uniq_robin
D:3:      kennysheep_six_static_rooms, layout_basic, ebering_ghost_sewer_d,
          nicolae_underground_beach

Skill      XL: |  1  2  3  4  5 |
---------------+----------------+-----
Long Blades    | 3 4 |  4.0
Fighting       | 3 |  3.1
Armour         | |  1.0
Dodging        | |  2.0
Spellcasting   | |  2.0
Hexes          | |  0.6
Charms         | |  3.9

Action                   |  1- 3 |  4- 6 || total
-------------------------+-------+-------++-------
Melee: Falchion          |    89 |   120 ||   209
 Cast: Infusion          |     9 |    19 ||    28
  Use: Potion            |     1 |     1 ||     2
       Scroll            |       |     3 ||     3
 Stab: Sleeping          |       |     1 ||     1
  Eat: Chunk             |     2 |     8 ||    10
Armor: Leather armour    |    31 |    13 ||    44
       Animal skin       |       |     9 ||     9
Dodge: Dodged            |    80 |    87 ||   167
       Rpst.: Falchion   |    24 |    32 ||    56

Table legend:
 A = Non-vault XP
 B = Vault XP
 C = Vault XP percentage of total XP
 D = Non-vault monster count
 E = Vault monster count
 F = Vault count percentage of total count
                 A         B        C        D         E       F
            +---------+---------+-------+---------+---------+-------
      Total |     172 |      62 |  26.5 |      55 |      16 |  22.5
            +---------+---------+-------+---------+---------+-------
        D:1 |      38 |      21 |  35.6 |      20 |       7 |  25.9
        D:2 |      92 |      28 |  23.3 |      20 |       8 |  28.6
        D:3 |      42 |      13 |  23.6 |      15 |       1 |   6.2
            +---------+---------+-------+---------+---------+-------
